 Dungeon Crawl Stone Soup version 0.29.1-2-gbd0b4ee654 (webtiles) character file.

Game seed: 4001368735549002886

18322 adizb the Blocker (level 12, -3/84 HPs)
             Began as a Human Fighter on Oct 27, 2022.
             Was a High Priest of Hepliaklqana.
             Killed from afar by a bog body (26 damage)
             ... with a bolt of cold
             ... on level 3 of the Lair of Beasts.
             The game lasted 01:00:46 (9710 turns).

adizb the Blocker (Human Fighter)                   Turns: 9710, Time: 01:00:47

Health: -3/84      AC: 16    Str: 17    XL:     12   Next: 93%
Magic:  12/12      EV:  5    Int: 17    God:    Hepliaklqana [*****.]
Gold:   790        SH: 24    Dex: 17    Spells: 11/11 levels left

rFire   + . .      SeeInvis .   I - +7 long sword of Reogalit {vamp, Int+6}
rCold   . . .      Faith    .   A - +5 tower shield
rNeg    . . .      Spirit   .   E - +0 chain mail "Ydda" {rPois rF+ Dex+2}
rPois   +          Reflect  .   (no helmet)
rElec   .          Harm     .   v - +0 cloak
rCorr   +          Rampage  .   t - +0 pair of gloves
Will    .....                   (no boots)
Stlth   ..........              (no amulet)
HPRegen 0.24/turn               u - ring of resist corrosion
MPRegen 0.13/turn               D - +4 ring of protection

@: slowed, very slow
A: reduced essence
a: Renounce Religion, Recall Ancestor, Ancestor Identity, Transference, Idealise


You were on level 3 of the Lair of Beasts.
You worshipped Hepliaklqana.
Hepliaklqana was extremely pleased with you.
You visited 2 branches of the dungeon, and saw 15 of its levels.
You also visited: Sewer and Ossuary.

You collected 790 gold pieces.

Inventory:

Hand Weapons
 b - a +2 short sword of electrocution
 F - a +2 trident of venom
 I - the +7 long sword of Reogalit (weapon) {vamp, Int+6}
   (You found it on level 7 of the Dungeon)

   It occasionally heals its wielder for a portion of the damage dealt when it
   wounds a living foe.
   Int:       It affects your intelligence (+6).
 J - the +8 rapier of Juxzedd {vamp, Str+4 Int+4}
   (You found it on level 2 of the Dungeon)

   It occasionally heals its wielder for a portion of the damage dealt when it
   wounds a living foe.
   Str:       It affects your strength (+4).
   Int:       It affects your intelligence (+4).
Missiles
 N - 2 throwing nets (quivered)
Armour
 c - the +3 hat of Pondering {ponderous, Will+ MP+10 Int+5}
   (You took it off Gastronok on level 2 of the Lair of Beasts)

   Int:       It affects your intelligence (+5).
   MP:        It affects your magic capacity (+10).
   Will:      It increases your willpower.
 l - a +0 chain mail
 t - a +0 pair of gloves (worn)
 v - a +0 cloak (worn)
 A - a +5 tower shield (worn)
 B - a +0 kite shield
 E - the +0 chain mail "Ydda" (worn) {rPois rF+ Dex+2}
   (You found it on level 7 of the Dungeon)

   Dex:       It affects your dexterity (+2).
   rF:        It protects you from fire.
   rPois:     It protects you from poison.
 P - a +0 troll leather armour
Jewellery
 u - a ring of resist corrosion (left hand)
 w - a ring of positive energy
 x - a ring of fire
 z - a ring of ice
 D - a +4 ring of protection (right hand)
 G - a ring of protection from fire
 K - a ring of flight
 M - a ring of ice
 S - a ring of see invisible
Wands
 j - a wand of digging (7)
 C - a wand of charming (13)
 R - a wand of roots (8)
Scrolls
 a - 2 scrolls of magic mapping
 h - 7 scrolls of teleportation
 k - 2 scrolls of identify
 r - 2 scrolls of butterflies
 y - 3 scrolls of blinking
 H - 2 scrolls of fear
 O - a scroll of poison
 Q - a scroll of silence
Potions
 d - 3 potions of might
 e - a potion of berserk rage
 f - a potion of resistance
 g - 10 potions of curing
 i - 5 potions of ambrosia
 m - 5 potions of mutation
 n - 2 potions of magic
 o - 3 potions of haste
 p - a potion of invisibility
 q - 4 potions of lignification
 s - 2 potions of flight


   Skills:
 + Level 8.6 Fighting
 - Level 7.4(9.1) Short Blades
 + Level 8.3(9.6) Long Blades
 - Level 2.4 Axes
 - Level 6.2 Armour
 - Level 0.1 Dodging
 * Level 14.3 Shields


You had 11 spell levels left.
You didn't know any spells.
Your spell library contained the following spells:

 Spells                   Type           Power      Damage    Failure   Level
 Necrotise                Necr           0%         1d4       100%        1
 Slow                     Hex            0%         N/A       100%        1
 Confusing Touch          Hex            0%         N/A       100%        3
 Ozocubu's Armour         Ice            0%         N/A       100%        3
 Vampiric Draining        Necr           0%         2d6       100%        3
 Anguish                  Hex/Necr       0%         N/A       100%        4
 Animate Dead             Necr           0%         N/A       100%        4
 Agony                    Necr           0%         N/A       100%        5
 Borgnjor's Vile Clutch   Necr/Erth      0%         N/A       100%        5
 Metabolic Englaciation   Hex/Ice        0%         N/A       100%        5
 Death Channel            Necr           0%         N/A       100%        6
 Simulacrum               Ice/Necr       0%         N/A       100%        6
 Enfeeble                 Hex            0%         N/A       100%        7


Dungeon Overview and Level Annotations

Branches:
Dungeon (12/15)            Temple (0/1) D:4            Lair (3/5) D:9
 Spider (0/4) Lair:2          Orc (0/2) D:9           Sewer (visited)
Ossuary (visited)
  Swamp: Lair:2-3    Shoals: Lair:2-3

Altars:
Ashenzari
Cheibriados
Gozag
Hepliaklqana
Vehumet
Yredelemnul
Zin

Portals:
Trove: D:10 (give 2 scrolls of acquirement)

Annotations:
Lair:2 3 runed translucent doors, Kotami's ghost, journeyman OpFi


Message History

You catch the helpless polar bear completely off-guard!
You slash the polar bear!
The polar bear is heavily wounded.
The bog body points at you and mumbles some strange words.
The bolt of cold hits you.
You hit the polar bear but do no damage.
The polar bear is heavily wounded.
The bog body is engulfed in freezing vapours.
The bog body points at you and mumbles some strange words.
The bolt of cold hits you!!
Duch Podmuch hits the bog body with a +0 dagger of draining!
The bog body casts a spell at you. The bolt of cold hits you!
* * * LOW HITPOINT WARNING * * *
Duch Podmuch hits the bog body with a +0 dagger of draining!
Duch Podmuch hits the bog body with a +0 dagger of draining.
The bog body is engulfed in freezing vapours.
The bog body points at you and mumbles some strange words.
You feel as though you will be slow longer.
You block the polar bear's attack.
The polar bear claws you but does no damage.
You block the polar bear's attack.
Duch Podmuch hits the bog body with a +0 dagger of draining.
The bog body is destroyed!
You catch the helpless polar bear completely off-guard!
You hit the polar bear.
You feel better.
The polar bear is severely wounded.
You block the polar bear's attack. The polar bear claws you.
* * * LOW HITPOINT WARNING * * *
You block the polar bear's attack.
The polar bear barely misses itself. x2
The polar bear claws itself but does no damage.
The bog body touches you but does no damage.
Duch Podmuch points at the polar bear and mumbles some strange words.
The polar bear resists with significant effort.
You strike the helpless polar bear from behind!
You hit the polar bear.
The polar bear is severely wounded.
The bog body points at you and mumbles some strange words.
The bolt of cold hits you!!
You die...

##...........#
##...........###
##...........#.#
##............##
##.#..)........##
.#..#...........####
...#...............##
..............#h....#P#
#+.#.....#.#PP.R@..!..#
...###......PP..n.......
.. #..........⌠⌠....>..
###.......♣..♣....(.
P.#.....♣..♣......
.....♣♣..♣♣..... ?....
≈..~ ....# ... ~..≈
..### +.


You could see the friendly Duch Podmuch the hexer, a polar bear (confused, ally
target) and a bog body.

Vanquished Creatures
  Gastronok (Lair:2)
  2 two-headed ogres (D:9)
  A cane toad (Lair:2)
  A kobold demonologist (D:10)
  A komodo dragon (D:11)
  A hornet (D:5)
  3 blink frogs (Lair:1)
  Sigmund (D:3)
  A culicivora (Lair:2)
  8 yaks
  3 wyverns
  A wraith (D:10)
  A steam dragon (D:6)
  A basilisk (Lair:1)
  Menkaure (D:4)
  A warg (D:9)
  An acid dragon (D:9)
  2 water moccasins
  An ice beast (D:6)
  A black bear (Lair:2)
  3 centaurs
  4 bullfrogs
  2 elf zombies (Ossuary)
  2 kobold brigands
  A necrophage (D:8)
  3 scorpions
  A gnoll sergeant (D:10)
  An electric eel (Lair:2)
  A howler monkey (D:11)
  A centaur zombie (Ossuary)
  A jelly (D:4)
  An orc priest (D:9)
  A hound (D:5)
  A gnoll bouda (D:4)
  6 iguanas
  4 orc wizards
  A mummy (Ossuary)
  6 gnolls
  5 adders
  3 shadow imps (D:6)
  3 white imps
  2 ufetubi (D:6)
  An adder zombie (Ossuary)
  4 dart slugs
  19 orcs
  5 bats (D:1)
  A bat skeleton (D:2)
  10 endoplasms
  7 giant cockroaches
  6 hobgoblins
  2 jackals (D:2)
  8 quokkas
  6 ball pythons
  2 ball python skeletons (D:2)
  9 frilled lizards
  6 goblins
  A goblin zombie (Ossuary)
  8 hobgoblin zombies (Ossuary)
  A jackal zombie (Ossuary)
  14 kobolds
  9 kobold zombies (Ossuary)
  3 orc zombies (Ossuary)
  4 rats
212 creatures vanquished.

Vanquished Creatures (collateral kills)
  A boulder beetle (Lair:2)
  Fannar (Lair:2)
  2 hydras
  A bog body (Lair:3)
  A black mamba (Lair:1)
  2 cane toads (Lair:1)
  A gargoyle (D:12)
  3 komodo dragons
  A troll (D:11)
  A hornet (Lair:2)
  A blink frog (Lair:1)
  A shadow (D:10)
  A vampire (D:9)
  12 yaks
  3 basilisks
  A wraith (D:9)
  A water moccasin (Lair:2)
  2 sky beasts
  An orc warrior (D:7)
  3 centaurs
  An elf zombie (Ossuary)
  10 bullfrogs
  A howler monkey (D:11)
  2 centaur zombies (Ossuary)
  4 orc priests
  A hound (D:5)
  3 iguanas
  2 orc wizards
  A mummy (Ossuary)
  3 gnolls
  2 adders
  3 shadow imps
  2 white imps (D:6)
  An ufetubus (D:6)
  6 orcs
  3 ball pythons (Sewer)
  6 endoplasms
  5 giant cockroaches (Sewer)
  2 goblins
  A hobgoblin (D:1)
  A jackal (D:2)
  12 quokkas
  4 frilled lizards (Sewer)
  4 hobgoblin zombies (Ossuary)
  7 kobolds
  3 kobold zombies (Ossuary)
  An orc zombie (Ossuary)
  A quokka skeleton (D:2)
  A quokka zombie (D:2)
  A butterfly (Lair:1)
134 creatures vanquished.

Vanquished Creatures (others)
  3 hexers
  An orc wizard (D:6)
  2 orcs (D:6)
  3 demonic plants (D:6)
  4 fungi
  6 plants
  2 withered plants (D:2)
21 creatures vanquished.

Grand Total: 367 creatures vanquished

Notes
Turn   | Place    | Note
-------+----------+-------------------------------------------
     0 | D:1      | adizb the Human Fighter began the quest for the Orb.
     0 | D:1      | Reached XP level 1. HP: 18/18 MP: 1/1
   124 | D:1      | Reached XP level 2. HP: 22/24 MP: 2/2
   426 | D:1      | Reached XP level 3. HP: 26/29 MP: 3/3
   552 | D:1      | Found a faded altar of an unknown god.
   557 | D:1      | Prayed at the altar of an unknown god.
   557 | D:1      | Became a worshipper of Hepliaklqana the Forgotten
   557 | D:1      | Reached * piety under Hepliaklqana
   966 | D:2      | Identified the +8 rapier of Juxzedd {vamp, Str+4 Int+4}
   982 | D:2      | Reached XP level 4. HP: 33/33 MP: 4/4
  1134 | D:3      | Reached skill level 1 in Short Blades
  1135 | D:3      | Reached XP level 5. HP: 33/37 MP: 5/5
  1339 | D:3      | Reached ** piety under Hepliaklqana
  1340 | D:3      | Remembered your ancestor Duch Podmuch as a hexer
  1741 | D:3      | Noticed Sigmund
  1758 | D:3      | Killed Sigmund
  1759 | D:3      | Reached XP level 6. HP: 40/44 MP: 6/6
  1796 | D:4      | Found a sand-covered staircase.
  1805 | Ossuary  | Entered an ossuary
  1906 | Ossuary  | Reached XP level 7. HP: 44/49 MP: 7/7
  1927 | Ossuary  | Reached skill level 5 in Armour
  1940 | Ossuary  | Reached skill level 5 in Fighting
  2067 | D:4      | Reached skill level 5 in Short Blades
  2067 | D:4      | Reached XP level 8. HP: 31/55 MP: 8/8
  2088 | D:4      | Noticed Menkaure
  2095 | D:4      | Killed Menkaure
  2250 | D:4      | Found a glowing silver altar of Zin.
  2288 | D:4      | Found a glowing drain.
  2299 | Sewer    | Entered a sewer
  2736 | D:4      | Found a staircase to the Ecumenical Temple.
  2740 | D:4      | Reached *** piety under Hepliaklqana
  2906 | D:5      | Entered Level 5 of the Dungeon
  3028 | D:5      | Reached XP level 9. HP: 58/62 MP: 9/9
  3238 | D:5      | Noticed a hornet
  3249 | D:5      | Killed a hornet
  3250 | D:5      | Reached skill level 4 in Shields
  3688 | D:6      | Reached skill level 5 in Shields
  3835 | D:6      | Reached skill level 6 in Shields
  4500 | D:7      | Reached **** piety under Hepliaklqana
  4578 | D:7      | Reached skill level 7 in Shields
  4613 | D:7      | Identified the +0 chain mail "Ydda" {rPois rF+ Dex+2}
  4815 | D:7      | Reached XP level 10. HP: 68/68 MP: 10/10
  4850 | D:7      | Reached skill level 8 in Shields
  4915 | D:7      | Identified the +7 long sword of Reogalit {vamp, Int+6}
  5296 | D:8      | Reached skill level 1 in Long Blades
  5394 | D:8      | Found a radiant altar of Vehumet.
  5565 | D:8      | Reached skill level 9 in Shields
  5744 | D:9      | Found a staircase to the Lair.
  5930 | D:9      | Noticed a two-headed ogre
  5938 | D:9      | Killed a two-headed ogre
  5939 | D:9      | Reached skill level 10 in Shields
  5956 | D:9      | Found a staircase to the Orcish Mines.
  6232 | D:9      | Reached XP level 11. HP: 72/72 MP: 11/11
  6258 | D:9      | Noticed a two-headed ogre
  6329 | D:9      | Killed a two-headed ogre
  6330 | D:9      | Reached skill level 11 in Shields
  6754 | D:9      | Found a snail-covered altar of Cheibriados.
  6871 | D:9      | Reached skill level 5 in Long Blades
  7163 | D:10     | Entered Level 10 of the Dungeon
  7224 | D:10     | Found an opulent altar of Gozag.
  7224 | D:10     | Found a broken altar of Ashenzari.
  7226 | D:10     | Found a basalt altar of Yredelemnul.
  7286 | D:10     | Found a flagged portal.
  7315 | D:10     | Reached ***** piety under Hepliaklqana
  7341 | D:10     | Noticed a soul eater
  7356 | D:10     | HP: 2/72 [orc priest/nerve-wracking pain (8)]
  7742 | D:10     | Found a portal to a secret trove of treasure.
  8183 | D:11     | Reached skill level 12 in Shields
  8532 | Lair:1   | Entered Level 1 of the Lair of Beasts
  8661 | Lair:1   | Noticed a five-headed hydra
  8671 | Lair:1   | Killed a five-headed hydra
  8783 | Lair:1   | Reached XP level 12. HP: 61/81 MP: 12/12
  8853 | Lair:1   | Reached skill level 13 in Shields
  9145 | Lair:2   | Noticed Gastronok
  9145 | Lair:2   | Noticed a boulder beetle
  9156 | Lair:2   | Killed a boulder beetle
  9170 | Lair:2   | Noticed Fannar
  9180 | Lair:2   | Killed Fannar
  9208 | Lair:2   | HP: 4/82 [komodo dragon (21)]
  9330 | Lair:2   | Found a runed translucent gate.
  9331 | Lair:2   | Found a runed translucent gate.
  9332 | Lair:2   | Found a runed translucent gate.
  9334 | Lair:2   | Noticed Kotami's ghost (journeyman OpFi)
  9381 | Lair:2   | Killed Gastronok
  9382 | Lair:2   | Reached skill level 14 in Shields
  9475 | Lair:2   | Noticed a four-headed hydra
  9481 | Lair:2   | Killed a four-headed hydra
  9512 | Lair:2   | Found a hole to the Spider Nest.
  9710 | Lair:3   | Killed from afar by a bog body

Illustrated notes

Levels and vault maps discovered:
D:1:      lemuel_arrival_river_passageway, layout_basic,
          shapermc_ecumenical_altar_petra
D:2:      layout_rooms, serial_undead, serial_undead_c, serial_undead_b,
          serial_undead_c, serial_undead_e, serial_undead_b, serial_undead_c
D:3:      layout_basic, kennysheep_flooded_box, dk_vineyard_3,
          kennysheep_generic_room_2, uniq_sigmund
D:4:      cheibrodos_old_hovel, layout_loops_cross, zin_treasury,
          minmay_temple_entry_enclosed_plants, nicolae_ossuary_entry_ruins,
          cheibrodos_sewer_entry_drain, minmay_hedge_maze, minmay_starry_boxes,
          uniq_menkaure
D:5:      layout_basic
D:6:      layout_gridville, serial_demonic, serial_demonic_g, serial_demonic_e,
          serial_demonic_b, serial_demonic_b, serial_demonic_a,
          serial_demonic_f, st_stairs_7
D:7:      layout_cave_pods
D:8:      layout_rooms, mainiacjoe_overflow_cross_hatched
D:9:      layout_gridville, general_overflow_altar, dpeg_oklobed_lair,
          david_orc_3
D:10:     layout_loops_cross, chequers_temple_overflow_statue_of_worship,
          enter_bailey_2, enter_trove_0, minmay_tree_intersection
D:11:     layout_loops_ring, nicolae_ru_path_of_blood
D:12:     layout_rooms
Lair:1:   layout_cellular_growth, lemuel_fruit_tree, lemuel_fruit_fields
Lair:2:   layout_cave_shapes, spider_nest_entry_rubble,
          gammafunk_ghost_necromancy, nicolae_quartered_pool_little,
          chequers_serial_rivers_micro_b, serial_bayou_shore_a,
          lemuel_fruit_fields, uniq_gastronok, uniq_fannar
Lair:3:   layout_cave_pods, nicolae_swamp_entry_splash_gauntlet,
          grunt_megastairs_1

Skill      XL: |  1  2  3  4  5  6  7  8  9 10 11 12 |
---------------+-------------------------------------+-----
Short Blades   | 1 3 5 6 7 |  7.4
Armour         | 4 5 6 |  6.2
Fighting       | 4 5 6 7 8 |  8.6
Shields        | 7 10 12 14 | 14.3
Long Blades    | 4 6 8 |  8.3
Axes           | |  2.4
Dodging        | |  0.1

Action                   |  1- 3 |  4- 6 |  7- 9 | 10-12 || total
-------------------------+-------+-------+-------+-------++-------
Melee: War axe           |    76 |       |       |       ||    76
       Rapier            |     1 |    82 |   269 |    24 ||   376
       Long sword        |       |       |       |   292 ||   292
Invok: Ancestor Identity |     1 |       |       |       ||     1
       Ancestor Life: He |       |     1 |       |       ||     1
       Recall Ancestor   |       |       |     1 |     2 ||     3
  Use: Scroll            |       |     7 |     9 |     8 ||    24
       Potion            |       |       |     2 |     5 ||     7
 Stab: Distracted        |       |     3 |     3 |     7 ||    13
       Confused          |       |     1 |     5 |     9 ||    15
Armor: Scale mail        |    27 |       |       |       ||    27
       Chain mail        |    15 |    36 |    91 |   135 ||   277
Dodge: Dodged            |    33 |    20 |    78 |    66 ||   197
Block: Buckler           |    16 |     9 |    35 |       ||    60
       Kite shield       |       |       |     5 |    98 ||   103
       Tower shield      |       |       |       |   152 ||   152
